 Dungeon Crawl Stone Soup version 0.20.0-15-g7f486f2 (webtiles) character file.

16403 Inarius the Geomancer (level 12, -3/61 HPs)
             Began as a Gargoyle Earth Elementalist on June 21, 2017.
             Was a High Priest of Hepliaklqana.
             Shot with an arrow by Nessos (6 damage)
             ... on level 12 of the Dungeon on June 22, 2017.
             The game lasted 01:01:31 (15575 turns).

Inarius the Geomancer (GrEE)                       Turns: 15575, Time: 01:01:32

Health: -3/61      AC: 22    Str: 11    XL:     12   Next: 37%
Magic:  1/24       EV: 10    Int: 26    God:    Hepliaklqana [*****.]
Gold:   721        SH:  5    Dex: 10    Spells: 8/28 levels left

rFire    . . .     SeeInvis .   H - staff of conjuration
rCold    + + .     Gourm    .   M - +0 buckler
rNeg     + . .     Faith    .   e - +0 ice dragon scales (curse)
rPois    ∞         Spirit   .   (no helmet)
rElec    +         Reflect  .   (no cloak)
rCorr    .         Harm     .   (no gloves)
MR       .....                  a - +0 pair of boots
Stlth    ..........             t - amulet of magic regeneration
Regen    0.2/turn               v - +4 ring of intelligence
MPRegen  0.3/turn               r - ring of protection from fire

@: very slightly contaminated
A: reduced essence, negative energy resistance 1, electricity resistance,
unbreathing, petrification resistance, rot immunity, AC +8
a: Recall Ancestor, Ancestor Identity, Transference, Idealise, Renounce Religion


You were on level 12 of the Dungeon.
You worshipped Hepliaklqana.
Hepliaklqana was extremely pleased with you.
You were not hungry.

You visited 1 branch of the dungeon, and saw 12 of its levels.
You also visited: Sewer.

You collected 721 gold pieces.

Inventory:

Hand Weapons
 z - a +2 dagger of flaming
Missiles
 b - 290 stones (quivered)
Armour
 a - a +0 pair of boots (worn)
 e - cursed +0 ice dragon scales (worn)
 x - the +5 ring mail of Cuac {Str+4}
   (You found it on level 5 of the Dungeon)

   It affects your strength (+4).
 E - a +0 large shield
 M - a +0 buckler (worn)
Magical Staves
 H - an uncursed staff of conjuration (weapon)
Jewellery
 g - a +4 ring of strength
 h - a +5 ring of slaying
 k - a +3 ring of evasion
 p - an uncursed ring of fire
 r - a ring of protection from fire (right hand)
 t - an amulet of magic regeneration (around neck)
 v - a +4 ring of intelligence (left hand)
 D - a +2 amulet of reflection
Wands
 C - a wand of acid (5/15)
 J - a wand of flame (17/48)
Scrolls
 j - 2 scrolls of recharging
 l - 2 scrolls of immolation
 m - 3 scrolls of teleportation
 o - a scroll of enchant armour
 q - a scroll of magic mapping
 w - a scroll of noise {unknown}
 y - 2 scrolls of enchant weapon
 F - 2 scrolls of fear
 K - a scroll of amnesia
Potions
 c - 3 potions of lignification
 n - 3 potions of haste
 s - 2 potions of heal wounds
 A - 5 potions of flight
 B - 6 potions of curing {unknown}
 G - a potion of might
 I - 2 potions of agility {unknown}
 L - a potion of degeneration {unknown}
Books
 u - a book of Misfortune

   Spells                             Type                      Level
   a - Confusing Touch                Hexes                        1
   b - Confuse                        Hexes                        3
   c - Gell's Gravitas                Translocation                3
   d - Petrify                        Transmutation/Earth          4
   e - Metabolic Englaciation         Hexes/Ice                    5
   f - Yara's Violent Unravelling     Hexes/Transmutation          5
Comestibles
 d - 8 bread rations
 f - 5 royal jellies
 i - 7 meat rations


   Skills:
 * Level 4.9 Fighting
   Level 1.0 Long Blades
 - Level 8.8 Armour
 * Level 4.8 Dodging
 - Level 2.1 Stealth
 + Level 5.3 Shields
 + Level 8.9 Spellcasting
 * Level 10.2 Conjurations
 + Level 1.4 Transmutations
 + Level 11.0 Earth Magic


You had 8 spell levels left.
You knew the following spells:

 Your Spells              Type           Power        Failure   Level  Hunger
a - Sandblast             Erth           ######       1%          1    None
b - Stone Arrow           Conj/Erth      ######       1%          3    None
c - Lee's Rapid Deconstr  Erth           ######....   9%          5    ####...
d - Petrify               Tmut/Erth      #####...     24%         4    #......
e - Passwall              Tmut/Erth      #####.....   3%          2    None
f - Yara's Violent Unrav  Hex/Tmut       ###.......   99%         5    ####...


Dungeon Overview and Level Annotations

Branches:
Dungeon (12/15)            Temple (0/1) D:4            Lair (0/6) D:10
    Orc (0/2) D:12

Altars:
Elyvilon
Fedhas
Gozag
Hepliaklqana
Trog
Yredelemnul

Shops:
D:11 (

Annotations:
D:12 Nessos


Innate Abilities, Weirdness & Mutations

You are resistant to torment.
Your stone body is resilient. (AC +8)
You are immune to poison.
You resist negative energy. (rN+)
You are resistant to electric shocks. (rElec)
You can survive without breathing.
You are immune to petrification.
You are immune to rotting.
Your life essence is reduced. (-10% HP)


Message History

Nessos unwields an uncursed longbow of flaming.
It stops flaming.
Nessos completely misses you. You block Nessos's attack.
You barely miss Nessos.
Nessos is heavily wounded.
Nessos hits you but does no damage. x2
Ahumratum hits Nessos but does no damage.
You hit Nessos but do no damage.
Nessos is heavily wounded.
Nessos blinks!
Nessos wields an uncursed longbow of flaming.
It bursts into flame!
Nessos shoots an arrow.
The arrow hits you! The arrow burns you.
* * * LOW HITPOINT WARNING * * *
Nessos blinks!
Nessos shoots an arrow.
The arrow hits you but does no damage.
You see here an arrow.
Nessos shoots an arrow.
The arrow closely misses Ahumratum.
The arrow hits you!
* * * LOW HITPOINT WARNING * * *
The arrow burns you.
You die...

#..##+ ### ##+### .....
#.. .....#
####...####.. .....#
#....8....#..###.....#
.#.........#..........#
.#.........#..........#
.#.........#..........#
#............##'#######
.............§.(@(....#
..8...>...8..(..(R....#
............(.........#
......................#
.#.........#.....)..c.#
.#.........#(.........#
.#.........#..........#
)#....8....#..........#
.####...####..........#


You could see the friendly Ahumratum the knight and Nessos.

Vanquished Creatures
  A centaur warrior (D:10)
  2 two-headed ogres
  The ghost of theElss the Peltast, a journeyman GrBe of Trog (D:11)
  An unseen horror (D:11)
  A manticore (D:11)
  The ghost of yogakurto the Slasher, a novice TrAK of Lugonu (D:5)
  A gargoyle (D:10)
  3 centaur zombies (D:11)
  A hellwing (D:11)
  A hippogriff (D:6)
  8 yaks
  2 wyverns
  2 hungry ghosts
  2 hell hounds (D:10)
  2 orc warriors
  A black bear (D:7)
  2 sky beasts
  3 phantoms
  2 ogres
  9 centaurs
  A big kobold (D:9)
  4 bullfrogs
  A wyvern skeleton (D:7)
  A scorpion (D:4)
  A troll zombie (D:12)
  7 killer bees
  3 wights (D:9)
  2 crimson imps (D:7)
  A bullfrog skeleton (D:4)
  3 orc priests
  5 hounds
  5 iguanas
  11 orc wizards
  6 worker ants
  An ogre zombie (D:12)
  2 hound skeletons
  A worker ant zombie (D:11)
  7 gnolls
  5 adders
  2 river rats (Sewer)
  5 shadow imps
  An ooze (D:1)
  An adder skeleton (D:4)
  2 worms (D:3)
  4 dart slugs
  6 leopard geckos
  35 orcs
  9 giant cockroaches
  9 goblins
  8 hobgoblins
  19 jackals
  4 quokkas
  2 ball pythons
  A ball python skeleton (D:4)
  7 bats
  2 frilled lizards
  A goblin zombie (D:12)
  A hobgoblin zombie (D:12)
  20 kobolds
  An orc skeleton (D:12)
  An orc zombie (D:12)
  11 rats
265 creatures vanquished.

Vanquished Creatures (collateral kills)
  An orc sorcerer (D:12)
  2 centaur zombies
  3 centaur skeletons
  A hellwing (D:11)
  The ghost of Wanze the Chucker, an amateur NaHu (D:3)
  A troll (D:11)
  A hippogriff (D:10)
  A spriggan (D:7)
  3 yaks
  A vampire (D:10)
  An orc warrior (D:10)
  A sky beast (D:7)
  An eye of draining (D:10)
  A hornet zombie (D:11)
  2 phantoms
  An ogre (D:6)
  4 centaurs (D:11)
  A big kobold (Sewer)
  A bullfrog (D:10)
  2 wyvern skeletons
  A water moccasin skeleton (D:9)
  2 scorpions
  5 killer bees
  A troll zombie (D:12)
  A crimson imp (D:9)
  A jelly (D:8)
  3 orc priests
  An orc wizard (D:11)
  2 iguanas
  3 worker ants
  4 ogre zombies (D:12)
  A hound skeleton (D:4)
  4 gnolls (D:4)
  3 adders
  3 shadow imps
  3 worms
  8 orcs
  4 giant cockroaches
  2 hobgoblins
  6 jackals
  5 kobolds
  A ball python (D:4)
  A bat (D:2)
  7 goblin zombies (D:12)
  2 hobgoblin zombies (D:12)
  A leopard gecko skeleton (D:4)
  3 orc skeletons (D:12)
  9 orc zombies (D:12)
  4 rats
121 creatures vanquished.

Vanquished Creatures (others)
  5 knights
  2 withered plants (D:11)
7 creatures vanquished.

Grand Total: 393 creatures vanquished

Notes
Turn   | Place    | Note
-------+----------+-------------------------------------------
     0 | D:1      | Inarius the Gargoyle Earth Elementalist began the quest for the Orb.
     0 | D:1      | Reached XP level 1. HP: 10/10 MP: 3/3
    20 | D:1      | Reached skill level 4 in Earth Magic
   150 | D:1      | Reached XP level 2. HP: 2/15 MP: 1/5
  1233 | D:1      | Reached XP level 3. HP: 16/19 MP: 6/6
  1238 | D:1      | Learned a level 3 spell: Stone Arrow
  1357 | D:1      | Reached skill level 1 in Armour
  2033 | D:2      | Reached XP level 4. HP: 24/24 MP: 1/7
  2913 | D:2      | Reached skill level 1 in Conjurations
  2928 | D:2      | Found a hazy altar of Hepliaklqana.
  2945 | D:2      | Became a worshipper of Hepliaklqana the Forgotten
  3018 | D:2      | Reached XP level 5. HP: 23/25 MP: 8/8
  3215 | D:2      | Found a basalt altar of Yredelemnul.
  3284 | D:2      | Found a white marble altar of Elyvilon.
  3599 | D:3      | Noticed Wanze's ghost (amateur NaHu)
  3748 | D:3      | Killed Wanze's ghost
  3748 | D:3      | Reached skill level 1 in Fighting
  3748 | D:3      | Reached skill level 5 in Earth Magic
  3748 | D:3      | Reached XP level 6. HP: 16/30 MP: 1/10
  4257 | D:3      | Reached * piety under Hepliaklqana
  4304 | D:3      | Reached XP level 7. HP: 34/34 MP: 7/11
  4743 | D:3      | Noticed a moth of wrath
  4746 | D:3      | Found a bloodstained altar of Trog.
  4870 | D:4      | Found a staircase to the Ecumenical Temple.
  6062 | D:5      | Entered Level 5 of the Dungeon
  6068 | D:5      | Reached ** piety under Hepliaklqana
  6072 | D:5      | Got a spiked ring mail
  6082 | D:5      | Reached skill level 1 in Long Blades
  6082 | D:5      | Reached XP level 8. HP: 38/39 MP: 9/13
  6102 | D:5      | Identified the +5 ring mail of Cuac {Str+4} (You found it on level 5 of the Dungeon)
  6218 | D:5      | Noticed yogakurto's ghost (novice TrAK)
  6220 | D:5      | Remembered your ancestor Ahumratum as a knight
  6230 | D:5      | Killed yogakurto's ghost
  6230 | D:5      | Reached skill level 6 in Earth Magic
  6934 | D:6      | Reached skill level 5 in Armour
  7088 | D:6      | Found a glowing drain.
  7103 | Sewer    | Entered a sewer
  7108 | Sewer    | Reached skill level 5 in Conjurations
  7231 | Sewer    | Found a white marble altar of Elyvilon.
  7334 | D:6      | Reached XP level 9. HP: 44/44 MP: 12/16
  7376 | D:6      | Reached skill level 7 in Earth Magic
  7400 | D:6      | Reached *** piety under Hepliaklqana
  7702 | D:6      | Found a bloodstained altar of Trog.
  8224 | D:6      | Reached skill level 5 in Spellcasting
  8308 | D:7      | Found an opulent altar of Gozag.
  8677 | D:6      | Reached skill level 8 in Earth Magic
  8822 | D:7      | Reached XP level 10. HP: 50/50 MP: 17/19
  9133 | D:7      | Learned a level 5 spell: Lee's Rapid Deconstruction
  9138 | D:7      | Learned a level 4 spell: Petrify
  9141 | D:7      | Learned a level 2 spell: Passwall
  9823 | D:8      | Reached **** piety under Hepliaklqana
 10004 | D:8      | Found a blossoming altar of Fedhas.
 10933 | D:9      | Reached skill level 1 in Shields
 11084 | D:9      | Reached skill level 9 in Earth Magic
 11147 | D:9      | Noticed a two-headed ogre
 11188 | D:9      | Killed a two-headed ogre
 11221 | D:9      | Reached ***** piety under Hepliaklqana
 11368 | D:9      | Reached XP level 11. HP: 54/54 MP: 8/21
 11964 | D:10     | Entered Level 10 of the Dungeon
 12549 | D:10     | Found a staircase to the Lair.
 12655 | D:10     | Reached skill level 1 in Transmutations
 12887 | D:10     | Learned a level 5 spell: Yara's Violent Unravelling
 13053 | D:11     | Noticed a two-headed ogre
 13062 | D:11     | Killed a two-headed ogre
 13205 | D:11     | Reached skill level 10 in Earth Magic
 13431 | D:11     | Noticed theElss's ghost (journeyman GrBe)
 13658 | D:11     | Killed theElss's ghost
 13860 | D:11     | Found Lausiunn's Antique Weapon Emporium.
 13993 | D:11     | Reached skill level 5 in Shields
 14006 | D:11     | Reached XP level 12. HP: 48/59 MP: 5/24
 14098 | D:11     | Noticed a centaur warrior
 14292 | D:10     | Killed a centaur warrior
 14714 | D:11     | Reached skill level 10 in Conjurations
 15078 | D:11     | Reached skill level 11 in Earth Magic
 15474 | D:12     | Found a staircase to the Orcish Mines.
 15552 | D:12     | Noticed Nessos
 15575 | D:12     | HP: 3/61 [Nessos/arrow (15)]
 15575 | D:12     | Shot with an arrow by Nessos

Skill      XL: |  1  2  3  4  5  6  7  8  9 10 11 12 |
---------------+-------------------------------------+-----
Earth Magic    | 4 5 6 8 9 10 11 | 11.0
Dodging        | 2 3 4 |  4.8
Armour         | 1 3 4 5 6 7 8 |  8.8
Conjurations   | 1 2 3 5 6 8 9 10 | 10.2
Fighting       | 1 2 3 4 |  4.9
Spellcasting   | 3 4 6 7 8 |  8.9
Long Blades    | 1 |  1.0
Shields        | 2 5 |  5.3
Transmutations | 1 |  1.4
Stealth        | |  2.1

Action                   |  1- 3 |  4- 6 |  7- 9 | 10-12 || total
-------------------------+-------+-------+-------+-------++-------
Melee: Unarmed           |    27 |       |       |       ||    27
       Dagger            |   199 |   208 |   117 |    29 ||   553
       Club              |     5 |       |       |       ||     5
       Long sword        |       |       |    72 |       ||    72
       Staff             |       |       |       |   308 ||   308
 Cast: Sandblast         |    31 |    40 |    43 |    36 ||   150
       Stone Arrow       |       |     9 |    49 |   167 ||   225
       Petrify           |       |       |       |    12 ||    12
       Lee's Rapid Decon |       |       |       |     2 ||     2
       Passwall          |       |       |       |     1 ||     1
Invok: Recall Ancestor   |       |     1 |     1 |     1 ||     3
       Ancestor Life: Kn |       |       |     1 |       ||     1
  Use: Scroll            |     3 |     6 |     8 |     2 ||    19
       Potion            |       |       |       |     2 ||     2
 Stab: Sleeping          |     2 |     1 |       |     1 ||     4
       Distracted        |       |       |     1 |     3 ||     4
       Petrified         |       |       |       |    10 ||    10
       Petrifying        |       |       |       |     1 ||     1
  Eat: Chunk             |     4 |     9 |    15 |    16 ||    44
       Fruit             |       |       |     1 |     3 ||     4
       Bread ration      |       |       |       |     2 ||     2
Armor: Robe              |    10 |       |       |       ||    10
       Leather armour    |    80 |    80 |    46 |       ||   206
       Ring mail         |       |       |    85 |    78 ||   163
       Ice dragon scales |       |       |       |   254 ||   254
Dodge: Dodged            |   136 |   166 |   175 |   350 ||   827
Block: Other             |       |       |     1 |     6 ||     7
       Buckler           |       |       |       |    22 ||    22
       Rpst.: Long sword |       |       |     8 |       ||     8
